 Dungeon Crawl Stone Soup version 0.30-a0-149-g7f746667c4 (webtiles) character file.

Game seed: 3140292585043432296

1051 qw the Chopper (level 8, -1/49 HPs)
             Began as a Gargoyle Fighter on Sept 26, 2022.
             Slain by an orc warrior
             ... wielding a +0 scimitar
              (12 damage)
             ... on level 6 of the Dungeon.
             The game lasted 00:01:24 (4523 turns).

qw the Chopper (Gargoyle Fighter)                   Turns: 4523, Time: 00:01:24

Health: -1/49      AC: 17    Str: 21    XL:     8   Next: 26%
Magic:  8/8        EV:  6    Int:  8    God:
Gold:   373        SH:  4    Dex: 13    Spells: 7/7 levels left

rFire   . . .      SeeInvis +    Y - +1 war axe
rCold   + . .      Faith    .    c - +0 buckler
rNeg    + . .      Spirit   .    s - +0 plate armour
rPois   inf        Reflect  .    (no helmet)
rElec   +          Harm     .    (no cloak)
rCorr   .          Rampage  .    (no gloves)
Will    .....                    (no boots)
Stlth   ..........               (no amulet)
HPRegen 0.16/turn                b - ring of protection from cold
MPRegen 0.11/turn                m - ring of see invisible

@: about to teleport
A: sickness immunity, AC +5, negative energy resistance 1, electricity
resistance, torment resistance 1, petrification resistance, agile 1, MP-powered
wands
a: no special abilities


You were on level 6 of the Dungeon.
You visited 1 branch of the dungeon, and saw 6 of its levels.

You collected 373 gold pieces.


Innate Abilities, Weirdness & Mutations

You are immune to sickness and miasma.
Your stone body is resilient. (AC +5)
You are immune to poison.
You resist negative energy. (rN+)
You are resistant to electric shocks. (rElec)
You are resistant to unholy torment.
You are immune to petrification.
You are agile. (Dex +4, Str/Int -1)
You expend magic power (3 MP) to strengthen your wands.


   Skills:
 - Level 5.1 Fighting
 + Level 7.5 Axes
 - Level 1.2 Throwing
 - Level 4.1 Armour
 - Level 1.1 Dodging
 - Level 3.2 Shields


You had 7 spell levels left.
You didn't know any spells.
Your spell library was empty.

Inventory:

Hand Weapons
 f - a +0 flail
 Y - a +1 war axe (weapon)
Missiles
 i - 10 boomerangs (quivered)
Armour
 c - a +0 buckler (worn)
 s - a +0 plate armour (worn)
Jewellery
 b - a ring of protection from cold (left hand)
 l - a ring of ice
 m - a ring of see invisible (right hand)
Scrolls
 h - a scroll of identify
 k - 3 scrolls of teleportation
Potions
 a - 2 potions of curing
 d - 2 potions of might
 e - a potion of resistance
 g - a potion of haste
 j - a potion of brilliance {unknown}
 o - a potion of mutation
 q - a potion of degeneration {unknown}
 t - a potion of heal wounds {unknown}

Dungeon Overview and Level Annotations

Branches:
Dungeon (6/15)
 Temple: D:4-7

Altars:
Dithmenos
Fedhas
Gozag
Hepliaklqana
Makhleb
Ru
Xom
The Shining One


Message History

The orc wizard is moderately wounded.
You barely miss the orc warrior.
The orc warrior hits you with a +0 scimitar!
The orc wizard casts a spell at you. The magic dart hits you.
You barely miss the orc wizard.
The orc wizard is moderately wounded.
You completely miss the orc warrior.
The orc warrior hits you with a +0 scimitar.
The orc wizard hits you but does no damage.
You hit the orc wizard.
The orc wizard is severely wounded.
You hit the orc warrior but do no damage.
The orc warrior hits you with a +0 scimitar.
The orc wizard gestures at you while chanting.
The magic dart hits you.
You slash the orc wizard!
You kill the orc wizard!
You hit the orc warrior but do no damage.
The orc warrior hits you with a +0 scimitar.
4520 ||| READING 4 scrolls of teleportation.
As you read the scroll of teleportation, it crumbles to dust.
You feel strangely unstable. The orc hits you but does no damage.
The orc warrior hits you but does no damage.
You barely miss the orc warrior.
The orc warrior is lightly wounded.
You slash the orc!
You kill the orc!
The orc warrior hits you but does no damage.
You hit the orc warrior.
The orc warrior is moderately wounded.
You slash the orc!
You kill the orc!
The orc warrior hits you but does no damage.
The orc warrior closely misses you.
You hit the orc warrior.
The orc warrior is heavily wounded.
The orc warrior hits you with a +0 scimitar!
You die...

#...........
..........
#.......##
#........# #.......#
. ##.......##### ...
###.%...........
.....##o..#...%...##
......)@#####.....#
......### ###.<.#
.#... #...# ...#
#...# .# ##..# #..#
#..# #..# #..#


You could see an orc warrior.

Vanquished Creatures
  A water moccasin (D:5)
  2 ice beasts
  A centaur (D:5)
  A phantom (D:5)
  A bullfrog (D:6)
  A necrophage (D:5)
  A scorpion (D:5)
  A hound (D:6)
  A jelly (D:4)
  An orc priest (D:5)
  4 iguanas
  5 orc wizards
  5 adders
  3 worms
  3 dart slugs
  14 orcs
  6 ball pythons
  4 bats
  4 endoplasms
  2 giant cockroaches
  5 goblins
  3 hobgoblins
  6 kobolds
  2 quokkas
  A frilled lizard (D:2)
  5 rats
83 creatures vanquished.

Notes
Turn   | Place    | Note
-------+----------+-------------------------------------------
     0 | D:1      | qw the Gargoyle Fighter began the quest for the Orb.
     0 | D:1      | Reached XP level 1. HP: 14/14 MP: 1/1
     0 | D:1      | 0 ||| qw: Version: 0.2-a-10-g399e6c4
     0 | D:1      | 0 ||| qw: Game counter: 528
     0 | D:1      | 0 ||| qw: Always use a shield: true
     0 | D:1      | 0 ||| qw: God list: Okawaru
     0 | D:1      | 0 ||| qw: Allow faded altars: false
     0 | D:1      | 0 ||| qw: Do Orc after D:15 true
     0 | D:1      | 0 ||| qw: Do second Lair branch before Depths: true
     0 | D:1      | 0 ||| qw: Lair rune preference: random
     0 | D:1      | 0 ||| qw: Plans: Normal, Zot:1-4, God:TSO, Crypt, Tomb,
                  | Pan, Slime:5, Hells, Abyss, Orb
     0 | D:1      | 0 ||| PLANNING D:1-11
    49 | D:1      | Reached skill level 2 in Axes
   205 | D:1      | 205 ||| Stepping ~*~*~tactically~*~*~ (hiding).
   207 | D:1      | 207 ||| Stepping ~*~*~tactically~*~*~ (hiding).
   325 | D:1      | Reached XP level 2. HP: 19/19 MP: 2/2
   542 | D:1      | Found a faded altar of an unknown god.
   882 | D:1      | 882 ||| READING scroll labelled IGOMAKYEPTU.
   887 | D:1      | 887 ||| READING scroll labelled TOTITR HANKIM.
   888 | D:1      | 888 ||| READING 2 scrolls labelled PIEMIA LIFYOHE.
   889 | D:1      | 889 ||| DRINKING 2 viscous amethyst potions.
  1255 | D:2      | Reached skill level 3 in Axes
  1287 | D:2      | 1287 ||| DROPPING +0 club.
  1318 | D:2      | 1318 ||| Stepping ~*~*~tactically~*~*~ (hiding).
  1325 | D:2      | Reached XP level 3. HP: 23/23 MP: 3/3
  1873 | D:2      | 1873 ||| UPGRADING to +0 chain mail.
  1883 | D:2      | 1883 ||| DROPPING +0 scale mail.
  1884 | D:2      | 1884 ||| READING scroll labelled LOCORI PEAHACK.
  1885 | D:2      | 1885 ||| READING scroll labelled ISUTEI GIARAOR.
  2029 | D:3      | 2029 ||| Stepping ~*~*~tactically~*~*~ (stealth).
  2035 | D:3      | 2035 ||| Stepping ~*~*~tactically~*~*~ (stealth).
  2088 | D:3      | 2088 ||| Stepping ~*~*~tactically~*~*~ (stealth).
  2092 | D:3      | 2092 ||| Stepping ~*~*~tactically~*~*~ (stealth).
  2103 | D:3      | Found a shimmering altar of Xom.
  2135 | D:3      | Reached XP level 4. HP: 27/28 MP: 4/4
  2194 | D:3      | 2194 ||| Stepping ~*~*~tactically~*~*~ (stealth).
  2350 | D:3      | Found a shadowy altar of Dithmenos.
  2372 | D:3      | Reached skill level 4 in Axes
  2579 | D:3      | 2579 ||| UPGRADING to ring of protection from cold.
  2580 | D:3      | 2580 ||| DRINKING 2 amethyst potions.
  2581 | D:3      | 2581 ||| READING 2 scrolls of identify.
  2581 | D:3      | 2581 ||| IDENTIFYING grey potion
  2648 | D:4      | 2648 ||| Stepping ~*~*~tactically~*~*~ (hiding).
  2659 | D:4      | Noticed an ice beast
  2673 | D:4      | Killed an ice beast
  2674 | D:4      | Reached skill level 5 in Axes
  2674 | D:4      | Reached XP level 5. HP: 32/32 MP: 5/5
  3244 | D:4      | Reached XP level 6. HP: 38/38 MP: 6/6
  3268 | D:4      | 3268 ||| UPGRADING to +0 plate armour.
  3278 | D:4      | 3278 ||| DROPPING +0 chain mail.
  3279 | D:4      | 3279 ||| READING scroll labelled EHICRE UHUF.
  3280 | D:4      | 3280 ||| READING 2 scrolls labelled BAIRAM DOITSAR.
  3281 | D:4      | 3281 ||| READING scroll labelled JINODAK NUPH.
  3282 | D:4      | 3282 ||| DRINKING 2 smoky purple potions.
  3282 | D:4      | Gained mutation: You expend magic power (3 MP) to
                  | strengthen your wands. [potion of mutation]
  3282 | D:4      | Gained mutation: You are agile. (Dex +4, Str/Int -1)
                  | [potion of mutation]
  3283 | D:4      | 3283 ||| DROPPING scroll of fear.
  3324 | D:5      | Entered Level 5 of the Dungeon
  3341 | D:5      | Reached skill level 1 in Dodging
  3606 | D:5      | Reached skill level 6 in Axes
  3606 | D:5      | 3606 ||| FLEEEEING.
  3607 | D:5      | 3607 ||| FLEEEEING.
  3608 | D:5      | 3608 ||| FLEEEEING.
  3608 | D:5      | Noticed an ice beast
  3617 | D:5      | Reached XP level 7. HP: 24/43 MP: 7/7
  3751 | D:5      | Found a burning altar of Makhleb.
  3775 | D:5      | Reached skill level 7 in Axes
  3918 | D:5      | Found a sacrificial altar of Ru.
  3933 | D:5      | 3933 ||| READING 2 scrolls of identify.
  3933 | D:5      | 3933 ||| IDENTIFYING bubbling black potion
  3934 | D:5      | 3934 ||| DROPPING potion of magic.
  3964 | D:5      | 3964 ||| DROPPING +0 whip.
  4048 | D:5      | 4048 ||| Stepping ~*~*~tactically~*~*~ (stealth).
  4051 | D:5      | 4051 ||| Stepping ~*~*~tactically~*~*~ (stealth).
  4065 | D:5      | Reached XP level 8. HP: 41/49 MP: 8/8
  4066 | D:5      | 4066 ||| FLEEEEING.
  4067 | D:5      | 4067 ||| FLEEEEING.
  4068 | D:5      | 4068 ||| FLEEEEING.
  4069 | D:5      | 4069 ||| FLEEEEING.
  4070 | D:5      | 4070 ||| FLEEEEING.
  4071 | D:5      | 4071 ||| FLEEEEING.
  4071 | D:5      | Found an opulent altar of Gozag.
  4072 | D:5      | 4072 ||| FLEEEEING.
  4073 | D:5      | 4073 ||| FLEEEEING.
  4074 | D:5      | 4074 ||| FLEEEEING.
  4075 | D:5      | 4075 ||| FLEEEEING.
  4076 | D:5      | 4076 ||| FLEEEEING.
  4077 | D:5      | 4077 ||| FLEEEEING.
  4078 | D:5      | 4078 ||| FLEEEEING.
  4079 | D:5      | 4079 ||| FLEEEEING.
  4080 | D:5      | 4080 ||| FLEEEEING.
  4081 | D:5      | 4081 ||| FLEEEEING.
  4082 | D:5      | 4082 ||| FLEEEEING.
  4083 | D:5      | 4083 ||| FLEEEEING.
  4084 | D:5      | 4084 ||| FLEEEEING.
  4085 | D:5      | 4085 ||| FLEEEEING.
  4087 | D:5      | 4087 ||| FLEEEEING.
  4088 | D:5      | 4088 ||| FLEEEEING.
  4089 | D:5      | 4089 ||| FLEEEEING.
  4093 | D:5      | Reached skill level 1 in Throwing
  4163 | D:5      | Found a glowing golden altar of the Shining One.
  4248 | D:5      | Found a blossoming altar of Fedhas.
  4389 | D:5      | Found a hazy altar of Hepliaklqana.
  4393 | D:5      | 4393 ||| UPGRADING to ring of see invisible.
  4394 | D:5      | 4394 ||| READING scroll labelled VOCAUSYTO.
  4507 | D:6      | 4507 ||| Stepping ~*~*~tactically~*~*~ (hiding).
  4519 | D:6      | HP: 11/49 [orc warrior/+0 scimitar (5)]
  4520 | D:6      | 4520 ||| READING 4 scrolls of teleportation.
  4523 | D:6      | Slain by an orc warrior

Levels and vault maps discovered:
D:1:      mrwooster_arrival_statue_3, layout_basic,
          shapermc_ecumenical_altar_ellora
D:2:      minmay_skewed_foursquare, layout_loops_corners, uniq_natasha
D:3:      layout_basic, mainiacjoe_overflow_paths, grunt_dithmenos_smoke,
          bh_walls_and_bars
D:4:      layout_basic, serial_corexii_hall, corexii_hall_statues_t,
          corexii_hall_statues_t
D:5:      layout_rooms, amcnicky_altar_gilded, mainiacjoe_overflow_24_doors,
          overflow_temple_1_default,
          nicolae_gozag_cash_rules_everything_around_me,
          nzn_hepliaklqana_mist_gate, fedhas_bush_and_centaur_altar
D:6:      layout_cave_pods, dk_noncrumbling_3, minivault_26

Skill      XL: |  1  2  3  4  5  6  7  8 |
---------------+-------------------------+-----
Axes           | 2 3 5 6 7 |  7.5
Fighting       | 4 5 |  5.1
Dodging        | 1 |  1.1
Armour         | 4 |  4.1
Throwing       | 1 |  1.2
Shields        | |  3.2

Action                   |  1- 3 |  4- 6 |  7- 9 || total
-------------------------+-------+-------+-------++-------
Melee: War axe           |    63 |    81 |    89 ||   233
Throw: Boomerang         |    31 |    43 |    17 ||    91
  Use: Scroll            |     5 |     4 |     3 ||    12
       Potion            |     1 |     2 |       ||     3
Armor: Scale mail        |    19 |       |       ||    19
       Chain mail        |    17 |    29 |       ||    46
       Plate armour      |       |    24 |    74 ||    98
Dodge: Dodged            |    24 |    16 |    19 ||    59
Block: Buckler           |     9 |     9 |    20 ||    38

Table legend:
 A = Non-vault XP
 B = Vault XP
 C = Vault XP percentage of total XP
 D = Non-vault monster count
 E = Vault monster count
 F = Vault count percentage of total count
                 A         B        C        D         E       F
            +---------+---------+-------+---------+---------+-------
      Total |    1385 |     117 |   7.8 |      78 |       5 |   6.0
            +---------+---------+-------+---------+---------+-------
        D:1 |      14 |       0 |   0.0 |       7 |       0 |   0.0
        D:2 |      27 |       7 |  20.6 |      13 |       4 |  23.5
        D:3 |      54 |       0 |   0.0 |      14 |       0 |   0.0
        D:4 |     232 |       0 |   0.0 |      14 |       0 |   0.0
        D:5 |     855 |     110 |  11.4 |      24 |       1 |   4.0
        D:6 |     203 |       0 |   0.0 |       6 |       0 |   0.0
            +---------+---------+-------+---------+---------+-------
